ITL
ALLENTOWN HILLBILLIES @ BIRMINGHAM BARONS
09/15/2026
 
TOP OF THE 1ST
Allentown Hillbillies batting - Pitching for Birmingham Barons : RHP César Morín
Pitching: RHP César Morín
Batting: LHB Miguel Colón 0-0: Ball
1-0: Ball
2-0: Foul Ball, location: 2F
2-1: Swinging Strike
2-2: Foul Ball, location: 2F
2-2: Fly out, F8 (Flyball, 8RS)
Batting: RHB Chad Huggins 0-0: Ball
1-0: Ball
2-0: Swinging Strike
2-1: Foul Ball, location: 2F
2-2: Foul Ball, location: 2F
2-2: SINGLE (Flyball, 8LS)
Batting: RHB Carl Brown 0-0: Ball
1-0: Foul Ball, location: 2F
1-1: Called Strike
1-2: Grounds into double play, 6-4-3 (Groundball, 6M)
Top of the 1st over - 0 run(s), 1 hit(s), 0 error(s), 0 left on base; Allentown 0 - Birmingham 0
BOTTOM OF THE 1ST
Birmingham Barons batting - Pitching for Allentown Hillbillies : RHP Rich Townsley
Pitching: RHP Rich Townsley
Batting: LHB Curt Walker 0-0: Foul Ball, location: 2F
0-1: Foul Ball, location: 2F
0-2: Strikes out swinging
Batting: RHB Mario Hernández 0-0: Ball
1-0: Ball
2-0: Called Strike
2-1: Swinging Strike
2-2: Strikes out looking
Batting: SHB Anastasio Ortíz 0-0: Called Strike
0-1: Swinging Strike
0-2: Ball
1-2: Strikes out looking
Bottom of the 1st over - 0 run(s), 0 hit(s), 0 error(s), 0 left on base; Allentown 0 - Birmingham 0
TOP OF THE 2ND
Allentown Hillbillies batting - Pitching for Birmingham Barons : RHP César Morín
Batting: RHB Wyatt McKinnon 0-0: Called Strike
0-1: Foul Ball, location: 2F
0-2: Ball
1-2: Ball
2-2: Foul Ball, location: 2F
2-2: Strikes out swinging
Batting: RHB Millard Stark 0-0: Called Strike
0-1: Ball
1-1: Ball
2-1: Foul Ball, location: 2F
2-2: Strikes out swinging
Batting: RHB Diego Rivera 0-0: Ball
1-0: Ball
2-0: Hit by Pitch
Batting: RHB Gustavo Ortíz 0-0: Ball
1-0: Called Strike
1-1: Called Strike
1-2: Ball
2-2: Ground out 4-3 (Groundball, 34)
Top of the 2nd over - 0 run(s), 0 hit(s), 0 error(s), 1 left on base; Allentown 0 - Birmingham 0
BOTTOM OF THE 2ND
Birmingham Barons batting - Pitching for Allentown Hillbillies : RHP Rich Townsley
Batting: LHB Marc May 0-0: Ball
1-0: SINGLE (Groundball, 13) (infield hit)
Batting: RHB Todd Rogers 0-0: Ball
1-0: Ball
2-0: Ball
3-0: Base on Balls
Marc May to second
Batting: RHB Manny Sánchez 0-0: Foul Ball, location: 2F
0-1: Ball
1-1: Ball
2-1: Fly out, F4 (Line Drive, 4D)
2-1: Lined into DP, 4-6 (Line Drive, 4D)
Batting: RHB Dave Dawson 0-0: Fielders Choice at 2nd, 6-4 (Groundball, 56)
Bottom of the 2nd over - 0 run(s), 1 hit(s), 0 error(s), 0 left on base; Allentown 0 - Birmingham 0
TOP OF THE 3RD
Allentown Hillbillies batting - Pitching for Birmingham Barons : RHP César Morín
Batting: LHB Rafael Flores 0-0: Foul Ball, location: 2F
0-1: Ball
1-1: Foul Ball, location: 2F
1-2: Ball
2-2: Strikes out looking
Batting: RHB Joel Jackson 0-0: Ball
1-0: Ball
2-0: Ball
3-0: Called Strike
3-1: Base on Balls
Batting: LHB Miguel Colón 0-0: Fielders Choice at 2nd, 4-6 (Groundball, 4M)
Batting: RHB Chad Huggins 0-0: Ball
1-0: Ball
2-0: Ball
3-0: Base on Balls
Miguel Colón to second
Batting: RHB Carl Brown 0-0: Ball
1-0: Ball
2-0: Foul Ball, location: 2F
2-1: Foul Ball, location: 2F
2-2: Ball
3-2: Base on Balls
Miguel Colón to third
Chad Huggins to second
Batting: RHB Wyatt McKinnon 0-0: Ball
1-0: SINGLE (Groundball, 34D)
Miguel Colón scores
Chad Huggins to third
Carl Brown to second
Runner from 3rd tries for Home, SAFE, throw made home
Batting: RHB Millard Stark 0-0: Foul Ball, location: 2F
0-1: Ball
1-1: Ball
2-1: Ball
3-1: Base on Balls
Carl Brown to third
Wyatt McKinnon to second
Batting: RHB Diego Rivera 0-0: Ball
1-0: Ball
2-0: Swinging Strike
2-1: Called Strike
2-2: Foul Ball, location: 2F
2-2: Ball
3-2: Base on Balls
Carl Brown scores
Wyatt McKinnon to third
Millard Stark to second
Batting: RHB Gustavo Ortíz 0-0: Swinging Strike
0-1: Ball
1-1: Foul Ball, location: 2F
1-2: Ground out 5-3 (Groundball, 56S)
Top of the 3rd over - 3 run(s), 1 hit(s), 0 error(s), 3 left on base; Allentown 3 - Birmingham 0
BOTTOM OF THE 3RD
Birmingham Barons batting - Pitching for Allentown Hillbillies : RHP Rich Townsley
Batting: RHB Juan Jiménez 0-0: Called Strike
0-1: Ball
1-1: Ball
2-1: Called Strike
2-2: Strikes out swinging
Batting: RHB David Raymos 0-0: Called Strike
0-1: Foul Ball, location: 2F
0-2: Hit by Pitch
Batting: LHB Curt Walker 0-0: Ball
1-0: Fly out, F6 (Popup, 6D)
Batting: RHB Mario Hernández 0-0: Ground out 1-3 (Groundball, 23)
Bottom of the 3rd over - 0 run(s), 0 hit(s), 0 error(s), 1 left on base; Allentown 3 - Birmingham 0
TOP OF THE 4TH
Allentown Hillbillies batting - Pitching for Birmingham Barons : RHP César Morín
Batting: LHB Rafael Flores 0-0: Ball
1-0: Foul Ball, location: 2F
1-1: SINGLE (Line Drive, 6M)
Batting: RHB Joel Jackson 0-0: Grounds into double play, 6-4-3 (Groundball, 6M)
Batting: LHB Miguel Colón 0-0: Swinging Strike
0-1: Ball
1-1: Ball
2-1: Ball
3-1: Base on Balls
Batting: RHB Chad Huggins 0-0: Swinging Strike
0-1: Ground out 6-3 (Groundball, 56)
Top of the 4th over - 0 run(s), 1 hit(s), 0 error(s), 1 left on base; Allentown 3 - Birmingham 0
BOTTOM OF THE 4TH
Birmingham Barons batting - Pitching for Allentown Hillbillies : RHP Rich Townsley
Batting: SHB Anastasio Ortíz 0-0: Called Strike
0-1: Ball
1-1: Reached on error, E3 (Groundball, 3S)
Batting: LHB Marc May 0-0: Ball
1-0: Called Strike
1-1: Grounds into double play, 6-4-3 (Groundball, 6)
Batting: RHB Todd Rogers 0-0: Ball
1-0: Called Strike
1-1: Ball
2-1: Swinging Strike
2-2: Ball
3-2: Base on Balls
Batting: RHB Manny Sánchez 0-0: Foul Ball, location: 2F
0-1: Ball
1-1: Swinging Strike
1-2: Strikes out swinging
Bottom of the 4th over - 0 run(s), 0 hit(s), 1 error(s), 1 left on base; Allentown 3 - Birmingham 0
TOP OF THE 5TH
Allentown Hillbillies batting - Pitching for Birmingham Barons : RHP César Morín
Batting: RHB Carl Brown 0-0: Called Strike
0-1: Ball
1-1: Swinging Strike
1-2: Foul Ball, location: 2F
1-2: Foul Ball, location: 2F
1-2: Ball
2-2: Foul Ball, location: 2F
2-2: Fly out, F8 (Flyball, 8RM)
Batting: RHB Wyatt McKinnon 0-0: Foul Ball, location: 2F
0-1: Fly out, F4 (Popup, 4)
Batting: RHB Millard Stark 0-0: Ball
1-0: Ground out 5-3 (Groundball, 5L)
Top of the 5th over - 0 run(s), 0 hit(s), 0 error(s), 0 left on base; Allentown 3 - Birmingham 0
BOTTOM OF THE 5TH
Birmingham Barons batting - Pitching for Allentown Hillbillies : RHP Rich Townsley
Batting: RHB Dave Dawson 0-0: Ball
1-0: SINGLE (Flyball, 89S)
Batting: RHB Juan Jiménez 0-0: Ball
1-0: Ball
2-0: Ball
3-0: Called Strike
3-1: Called Strike
3-2: Foul Ball, location: 2F
3-2: 2-RUN HOME RUN (Flyball, 7LD), Distance : 356 ft
Batting: RHB David Raymos 0-0: Fly out, F9 (Flyball, 9M)
Batting: LHB Curt Walker 0-0: Ground out 4-3 (Groundball, 4)
Batting: RHB Mario Hernández 0-0: Ball
1-0: Foul Ball, location: 2F
1-1: Ball
2-1: Ball
3-1: Foul Ball, location: 2F
3-2: Strikes out looking
Bottom of the 5th over - 2 run(s), 2 hit(s), 0 error(s), 0 left on base; Allentown 3 - Birmingham 2
TOP OF THE 6TH
Allentown Hillbillies batting - Pitching for Birmingham Barons : RHP César Morín
Batting: RHB Diego Rivera 0-0: Ground out 4-3 (Groundball, 34)
Batting: RHB Gustavo Ortíz 0-0: Foul Ball, location: 2F
0-1: Fly out, F3 (Popup, 23F)
Batting: LHB Rafael Flores 0-0: Ball
1-0: Ball
2-0: Ball
3-0: Called Strike
3-1: DOUBLE (Line Drive, 5D)
Pitching: RHP Domingo Ortíz
Batting: RHB Joel Jackson 0-0: Ball
1-0: Foul Ball, location: 2F
1-1: Ball
2-1: Foul Ball, location: 2F
2-2: Ball
3-2: Base on Balls
Batting: LHB Miguel Colón 0-0: Ball
1-0: Foul Ball, location: 2F
1-1: Foul Ball, location: 2F
1-2: Strikes out swinging
Top of the 6th over - 0 run(s), 1 hit(s), 0 error(s), 2 left on base; Allentown 3 - Birmingham 2
BOTTOM OF THE 6TH
Birmingham Barons batting - Pitching for Allentown Hillbillies : RHP Rich Townsley
Batting: SHB Anastasio Ortíz 0-0: Foul Ball, location: 2F
0-1: Ball
1-1: Foul Ball, location: 2F
1-2: Strikes out looking
Batting: LHB Marc May 0-0: Called Strike
0-1: Reached on error, E6 (Groundball, 6)
Pitching: RHP Drew Schaefer
Batting: RHB Todd Rogers 0-0: Ball
1-0: Foul Ball, location: 2F
1-1: Grounds into double play, 4-6-3 (Groundball, 4)
Bottom of the 6th over - 0 run(s), 0 hit(s), 1 error(s), 0 left on base; Allentown 3 - Birmingham 2
TOP OF THE 7TH
Allentown Hillbillies batting - Pitching for Birmingham Barons : RHP Domingo Ortíz
Batting: RHB Chad Huggins 0-0: Ball
1-0: Called Strike
1-1: Ball
2-1: Foul Ball, location: 2F
2-2: Foul Ball, location: 2F
2-2: Strikes out looking
Batting: RHB Carl Brown 0-0: Foul Ball, location: 2F
0-1: Foul Ball, location: 2F
0-2: Ball
1-2: Strikes out looking
Batting: RHB Wyatt McKinnon 0-0: Ground out 6-3 (Groundball, 6)
Top of the 7th over - 0 run(s), 0 hit(s), 0 error(s), 0 left on base; Allentown 3 - Birmingham 2
BOTTOM OF THE 7TH
Birmingham Barons batting - Pitching for Allentown Hillbillies : RHP Drew Schaefer
Batting: RHB Manny Sánchez 0-0: Ball
1-0: Called Strike
1-1: Ball
2-1: Called Strike
2-2: Strikes out swinging
Batting: RHB Dave Dawson 0-0: Ball
1-0: Foul Ball, location: 2F
1-1: Foul Ball, location: 2F
1-2: Ball
2-2: Ball
3-2: Base on Balls
Batting: RHB Juan Jiménez 0-0: Ball
1-0: Called Strike
1-1: Ball
2-1: Foul Ball, location: 2F
2-2: Foul Ball, location: 2F
2-2: Foul Ball, location: 2F
2-2: Ball
3-2: Ground out 5-3 (Groundball, 5L)
Dave Dawson to second
Batting: RHB David Raymos 0-0: Ball
1-0: Foul Ball, location: 2F
1-1: Ball
2-1: Ball
3-1: Swinging Strike
3-2: Strikes out swinging
Bottom of the 7th over - 0 run(s), 0 hit(s), 0 error(s), 1 left on base; Allentown 3 - Birmingham 2
TOP OF THE 8TH
Allentown Hillbillies batting - Pitching for Birmingham Barons : RHP Domingo Ortíz
Batting: RHB Millard Stark 0-0: Called Strike
0-1: Foul Ball, location: 2F
0-2: Foul Ball, location: 2F
0-2: SOLO HOME RUN (Line Drive, 7D), Distance : 351 ft
Batting: RHB Diego Rivera 0-0: Ball
1-0: Ground out 4-3 (Groundball, 4MS)
Batting: RHB Gustavo Ortíz 0-0: Ball
1-0: Foul Ball, location: 2F
1-1: Swinging Strike
1-2: Strikes out swinging
Batting: LHB Rafael Flores 0-0: Swinging Strike
0-1: Foul Ball, location: 2F
0-2: Strikes out swinging
Top of the 8th over - 1 run(s), 1 hit(s), 0 error(s), 0 left on base; Allentown 4 - Birmingham 2
BOTTOM OF THE 8TH
Birmingham Barons batting - Pitching for Allentown Hillbillies : RHP Drew Schaefer
Batting: LHB Curt Walker 0-0: Ground out 4-3 (Groundball, 34)
Pitching: LHP Alejandro Castillo
Batting: RHB Mario Hernández 0-0: Ball
1-0: SINGLE (Flyball, 7S)
Pitching: RHP Carlos García
Batting: SHB Anastasio Ortíz 0-0: Fly out, F7 (Flyball, 7D)
Batting: LHB Marc May 0-0: Called Strike
0-1: Foul Ball, location: 2F
0-2: Ball
1-2: 2-RUN HOME RUN (Flyball, 78XD), Distance : 387 ft
Batting: RHB Todd Rogers 0-0: Ball
1-0: Ground out 5-3 (Groundball, 5)
Bottom of the 8th over - 2 run(s), 2 hit(s), 0 error(s), 0 left on base; Allentown 4 - Birmingham 4
TOP OF THE 9TH
Allentown Hillbillies batting - Pitching for Birmingham Barons : RHP Domingo Ortíz
Pitching: RHP Jorge Salazar
Batting: RHB Joel Jackson 0-0: Foul Ball, location: 2F
0-1: Ball
1-1: Ball
2-1: Swinging Strike
2-2: Ball
3-2: Base on Balls
Batting: LHB Miguel Colón 0-0: Ball
1-0: Bunted foul
1-1: Bunted foul
1-2: Grounds into double play, 4-6-3 (Groundball, 4)
Pinch Hitting: RHB Jimmy Simon 0-0: Called Strike
0-1: Ground out 4-3 (Groundball, 4M)
Top of the 9th over - 0 run(s), 0 hit(s), 0 error(s), 0 left on base; Allentown 4 - Birmingham 4
BOTTOM OF THE 9TH
Birmingham Barons batting - Pitching for Allentown Hillbillies : RHP Carlos García
Now at 3B: Juan Acevado
Batting: RHB Manny Sánchez 0-0: Ball
1-0: Swinging Strike
1-1: Ball
2-1: Foul Ball, location: 2F
2-2: Ground out 6-3 (Groundball, 6)
Batting: RHB Dave Dawson 0-0: Ball
1-0: Called Strike
1-1: Foul Ball, location: 2F
1-2: Foul Ball, location: 2F
1-2: Ball
2-2: Foul Ball, location: 2F
2-2: Ball
3-2: Foul Ball, location: 2F
3-2: Strikes out swinging
Batting: RHB Juan Jiménez 0-0: Ball
1-0: Ball
2-0: Called Strike
2-1: Foul Ball, location: 2F
2-2: Ball
3-2: Foul Ball, location: 2F
3-2: Strikes out swinging
Bottom of the 9th over - 0 run(s), 0 hit(s), 0 error(s), 0 left on base; Allentown 4 - Birmingham 4
TOP OF THE 10TH
Allentown Hillbillies batting - Pitching for Birmingham Barons : RHP Jorge Salazar
Pinch Hitting: RHB Rubén Vázquez 0-0: Called Strike
0-1: Ball
1-1: Foul Ball, location: 2F
1-2: SINGLE (Groundball, 4M)
Pinch Hitting: LHB Marcos Vargas 0-0: Fielders Choice at 2nd, 4-6 (Groundball, 34)
Batting: RHB Millard Stark 0-0: Called Strike
0-1: Foul Ball, location: 2F
0-2: 2-RUN HOME RUN (Flyball, 78XD), Distance : 403 ft
Batting: RHB Diego Rivera 0-0: Called Strike
0-1: SOLO HOME RUN (Flyball, 78XD), Distance : 390 ft
Pitching: RHP Jim Hicks
Batting: RHB Gustavo Ortíz 0-0: Ball
1-0: Ground out 6-3 (Groundball, 6)
Batting: LHB Rafael Flores 0-0: Ball
1-0: Swinging Strike
1-1: Called Strike
1-2: Foul Ball, location: 2F
1-2: Ball
2-2: Ball
3-2: Base on Balls
Batting: RHB Joel Jackson 0-0: SINGLE (Line Drive, 6MD)
Rafael Flores to second
Batting: LHB Miguel Colón 0-0: Called Strike
0-1: Swinging Strike
0-2: Ball
1-2: Foul Ball, location: 2F
1-2: Strikes out swinging
Top of the 10th over - 3 run(s), 4 hit(s), 0 error(s), 2 left on base; Allentown 7 - Birmingham 4
BOTTOM OF THE 10TH
Birmingham Barons batting - Pitching for Allentown Hillbillies : RHP Carlos García
Pitching: RHP Dale Downs
Now at 2B: Marcos Vargas
Now in RF: Rubén Vázquez
Batting: RHB David Raymos 0-0: Called Strike
0-1: Ball
1-1: SINGLE (Line Drive, 8RS)
Batting: LHB Curt Walker 0-0: Ball
1-0: Swinging Strike
1-1: SINGLE (Line Drive, 4MD)
David Raymos to second
Batting: RHB Mario Hernández 0-0: SINGLE (Line Drive, 6MD)
David Raymos to third
Curt Walker to second
Batting: SHB Anastasio Ortíz 0-0: Called Strike
0-1: Ground out 5-3 (Groundball, 5S)
David Raymos scores
Curt Walker to third
Mario Hernández to second
Batting: LHB Marc May 0-0: Called Strike
0-1: Called Strike
0-2: Ground out 5-3 (Groundball, 56S)
Curt Walker scores
Mario Hernández to third
Batting: RHB Todd Rogers 0-0: Ball
1-0: Swinging Strike
1-1: Swinging Strike
1-2: Foul Ball, location: 2F
1-2: Strikes out swinging
Bottom of the 10th over - 2 run(s), 3 hit(s), 0 error(s), 1 left on base; Allentown 7 - Birmingham 6
Monday, December 5th, 2016 - OOTP Baseball 17.12 Build 75